 Dungeon Crawl Stone Soup version 0.22-a0-389-g8519d86 (webtiles) character file.

21 Kairos the Skirmisher (level 2, 16/16 HPs)
             Began as a Vine Stalker Fighter on Apr 30, 2018.
             Quit the game on level 1 of the Dungeon.
             The game lasted 00:00:32 (540 turns).

Kairos the Skirmisher (Vine Stalker Fighter)         Turns: 540, Time: 00:00:32

Health: 16/16      AC:  6    Str: 18    XL:     2   Next: 87%
Magic:  3/3        EV:  7    Int:  8    God:
Gold:   52         SH:  9    Dex: 13    Spells: 1/1 levels left

rFire    . . .     SeeInvis .   a - +0 war axe
rCold    . . .     Gourm    .   c - +0 shield
rNeg     . . .     Faith    .   b - +0 scale mail
rPois    .         Spirit   +   (no helmet)
rElec    .         Reflect  .   (no cloak)
rCorr    .         Harm     .   (no gloves)
MR       .....                  (no boots)
Stlth    ..........             (no amulet)
HPRegen  0.05/turn              e - ring of flight
MPRegen  0.08/turn              (no ring)

@: no status effects
A: fangs 2, magic shield, antimagic bite, no potion heal 3, rot immunity
a: Evoke Flight


You were on level 1 of the Dungeon.
You were not hungry.

You visited 1 branch of the dungeon, and saw 1 of its levels.

You collected 52 gold pieces.

Inventory:

Hand Weapons
 a - a +0 war axe (weapon)
Armour
 b - a +0 scale mail (worn)
 c - a +0 shield (worn)
Jewellery
 e - a ring of flight (left hand)
Scrolls
 g - a scroll of identify {unknown}
Potions
 d - a potion of might
Comestibles
 f - 3 rations


   Skills:
 + Level 3.0 Fighting
 + Level 2.0 Axes
 + Level 2.7 Armour
 + Level 2.9 Shields


You had one spell level left.
You didn't know any spells.

Dungeon Overview and Level Annotations

Branches:
Dungeon (1/15)

Altars:


Innate Abilities, Weirdness & Mutations

You have extremely sharp teeth.
When hurt, damage is shared between your health and your magic reserves.
Your bite disrupts and absorbs the magic of your enemies.
Potions cannot restore your health.
You are immune to rotting.


Message History

You see here a dart slug corpse.
Found 20 bolts.
No target in view!
Key pressed, stopping explore.
No target in view!
Key pressed, stopping explore.
No target in view!
You see here a bat skeleton.
f - 2 rations (gained 1) Key pressed, stopping explore.
No target in view!
f - 3 rations (gained 1)
A hobgoblin comes into view. It is wielding a club.
The hobgoblin shouts!
You hear a shout!
The hobgoblin hits you but does no damage.
A goblin comes into view.
You slash the hobgoblin!
You kill the hobgoblin!
A goblin is nearby!
Are you sure you want to abandon this character and quit the game? (Confirm with "yes".)

##...........
.##...###.###.#...
.....## #.# #.#.g.
.##..# #.# #.##.#
.###.## #.# #.##.#
......###.# #.##.#
....#.....# #.##.#
###...##..# #.##)#
##.###..###.##@#
#.# #.........#
#.# ##.###.####
###.####.# #.#
##............#
#..#..###.#####
#.###.....#
#..#..#####
##...##


You could see a goblin.

Vanquished Creatures
  2 dart slugs (D:1)
  A ball python (D:1)
  5 bats (D:1)
  A goblin (D:1)
  2 hobgoblins (D:1)
  2 jackals (D:1)
  2 frilled lizards (D:1)
  A kobold (D:1)
  A rat (D:1)
17 creatures vanquished.

Notes
Turn   | Place    | Note
-------+----------+-------------------------------------------
     0 | D:1      | Kairos the Vine Stalker Fighter began the quest for the Orb.
     0 | D:1      | Reached XP level 1. HP: 11/11 MP: 2/2
   178 | D:1      | Reached skill level 3 in Fighting
   178 | D:1      | Reached XP level 2. HP: 14/16 MP: 3/3
   540 | D:1      | Quit the game

Vault maps used:
D:1:      roderic_dead_forest, palyth_stone_intersect

Skill      XL: |  1  2 |
---------------+-------+-----
Fighting       | 3 |  3.0
Axes           | 2 |  2.0
Armour         | |  2.7
Shields        | |  2.9

Action                   || total
-------------------------++-------
Melee: War axe           ||    42
       Bite              ||    10
Armor: Scale mail        ||    22
Dodge: Dodged            ||    27
Block: Shield            ||    23

Table legend:
 A = Spawn XP
 B = Non-spawn XP
 C = Spawn XP percentage of total XP
 D = Spawn monster count
 E = Non-spawn monster count
 F = Spawn count percentage of total count
 G = Total turns spent on level
                    A         B        C        D         E        F      G
               +---------+---------+-------+---------+---------+-------+---------
         Total |       0 |      31 |   0.0 |       0 |      17 |   0.0 |   540
               +---------+---------+-------+---------+---------+-------+---------
           D:1 |       0 |      31 |   0.0 |       0 |      17 |   0.0 |   540
               +---------+---------+-------+---------+---------+-------+---------
